 Dungeon Crawl Stone Soup version 0.27.1-33-g824d729ab1 (webtiles) character file.

Game seed: 5260076551355861199

34 vivovinco the Grave Robber (level 3, -1/24 HPs)
             Began as a Mummy Necromancer on Dec 28, 2021.
             Slain by Natasha (9 damage)
             ... on level 2 of the Dungeon.
             The game lasted 00:08:19 (1302 turns).

vivovinco the Grave Robber (Mummy Necromancer)      Turns: 1302, Time: 00:08:21

Health: -1/24      AC:  2    Str: 11    XL:     3   Next: 14%
Magic:  3/7        EV: 12    Int: 15    God:
Gold:   81         SH:  5    Dex: 12    Spells: 6/8 levels left

rFire    x . .     SeeInvis .   j - +0 dagger (venom)
rCold    + . .     Faith    .   (no shield)
rNeg     + + +     Spirit   .   a - +0 robe
rPois    ∞         Reflect  +   (no helmet)
rElec    .         Harm     .   (no cloak)
rCorr    .         Rampage  .   (no gloves)
Will     .....                  (no boots)
Stlth    ++........             e - amulet of reflection
HPRegen  0.08/turn              (no ring)
MPRegen  0.10/turn              (no ring)

@: slowed, very slow
A: cold resistance 1, negative energy resistance 3, torment resistance 2, heat
vulnerability 1, no potions
a: no special abilities


You were on level 2 of the Dungeon.
You visited 1 branch of the dungeon, and saw 2 of its levels.

You collected 81 gold pieces.

Inventory:

Hand Weapons
 j - a +0 dagger of venom (weapon)
Missiles
 c - 34 stones (quivered)
 g - 12 poisoned darts
Armour
 a - a +0 robe (worn)
Jewellery
 e - an amulet of reflection (around neck)
Scrolls
 d - a scroll of brand weapon {unknown}
Potions
 b - 4 potions of curing {unknown}
 f - a potion of attraction {unknown}
 h - a potion of lignification {unknown}
 i - a potion of might {unknown}


   Skills:
 + Level 1.6 Dodging
 + Level 1.6 Stealth
 + Level 3.3 Spellcasting
 + Level 4.7 Necromancy


You had 6 spell levels left.
You knew the following spells:

 Your Spells              Type           Power      Damage    Failure   Level
a - Pain                  Necr           64%        1d7       2%          1
b - Animate Skeleton      Necr           32%        N/A       2%          1

Your spell library contained the following spells:

 Spells                   Type           Power      Damage    Failure   Level
 Vampiric Draining        Necr           8%         2d7       9%          3
 Animate Dead             Necr           8%         N/A       28%         4
 Agony                    Necr           16%        N/A       61%         5


Dungeon Overview and Level Annotations

Branches:
Dungeon (2/15)

Altars:

Annotations:
D:2 Natasha


Innate Abilities, Weirdness & Mutations

You are immune to poison.
Your flesh is cold resistant. (rC+)
You are immune to negative energy. (rN+++)
You are immune to unholy pain and torment.
You are vulnerable to heat. (rF-)
You do not drink.


Message History

Natasha mumbles some strange words.
Natasha glows brightly for a moment.
Natasha casts a spell at you.
You feel yourself slow down.
Casting: Pain (safe; 2% risk of failure)
Confirm with . or Enter, or press ? or * to list all spells.
Aiming: Pain (safe; 2% risk of failure)
Press: ? - help, Shift-Dir - straight line, f/p - Natasha
Aim: Natasha (moderately wounded, chance to affect: 75%) Natasha writhes in agony.
Natasha stares at you and mumbles some strange words.
You resist with some effort.
Casting: Pain (safe; 2% risk of failure)
Confirm with . or Enter, or press ? or * to list all spells.
Aiming: Pain (safe; 2% risk of failure)
Press: ? - help, Shift-Dir - straight line, f/p - Natasha
Aim: Natasha (heavily wounded, ally target, chance to affect: 75%) Natasha writhes in agony.
Natasha casts a spell at you. The magic dart hits you!
You swap places.
Natasha claws your bat skeleton.
Your bat skeleton is destroyed!
Casting: Pain (safe; 2% risk of failure)
Confirm with . or Enter, or press ? or * to list all spells.
Aiming: Pain (safe; 2% risk of failure)
Press: ? - help, Shift-Dir - straight line, f/p - Natasha
Aim: Natasha (heavily wounded, chance to affect: 75%) Natasha writhes in agony.
Natasha mumbles some strange words.
Natasha shimmers violently.
Casting: Pain (safe; 2% risk of failure)
Confirm with . or Enter, or press ? or * to list all spells.
Aiming: Pain (safe; 2% risk of failure)
Press: ? - help, Shift-Dir - straight line, f/p - Natasha
Aim: Natasha (severely wounded, chance to affect: 75%) Natasha struggles to resist.
Natasha casts a spell at you. The magic dart hits you! Natasha claws you!
You die...

# ##.......# ## .
..............
###.##<......#.#
.##.##.........
###.##.......###########
#.##.................#
#.##.......###.#######
##.........## #.#
#..........# #@#
#..........# #h#
#..######### #.# ##..###
#..>h.........# ##....#
#######.####### ##....#
#.# ##....# #.# .#....#
... .#..#...... ..#


You could see Natasha.

Vanquished Creatures
  An adder (D:1)
  A bat (D:2)
  An endoplasm (D:1)
  A giant cockroach (D:2)
  3 goblins
  4 hobgoblins (D:1)
  3 kobolds (D:1)
  4 ball pythons
  3 frilled lizards (D:1)
  2 rats (D:1)
23 creatures vanquished.

Vanquished Creatures (collateral kills)
  A ball python (D:2)
1 creature vanquished.

Grand Total: 24 creatures vanquished

Notes
Turn   | Place    | Note
-------+----------+-------------------------------------------
     0 | D:1      | vivovinco the Mummy Necromancer began the quest for the
                  | Orb.
     0 | D:1      | Reached XP level 1. HP: 13/13 MP: 4/4
     2 | D:1      | Learned a level 1 spell: Animate Skeleton
     4 | D:1      | Noticed a felid
     4 | D:1      | Noticed a troll
     6 | D:1      | Noticed a tengu
     8 | D:1      | Noticed an ogre
     8 | D:1      | Noticed a gargoyle
    11 | D:1      | Noticed a merfolk
    11 | D:1      | Noticed an elf
    13 | D:1      | Noticed a vampire
    13 | D:1      | Noticed a formicid
    15 | D:1      | Noticed a human
    15 | D:1      | Noticed a spriggan
    17 | D:1      | Noticed a draconian
    17 | D:1      | Noticed a minotaur
    19 | D:1      | Noticed a dwarf
    19 | D:1      | Noticed a naga
    21 | D:1      | Noticed a ghoul
    21 | D:1      | Noticed a demonspawn
    23 | D:1      | Noticed a djinni
    23 | D:1      | Noticed a barachi
    25 | D:1      | Noticed a demigod
    27 | D:1      | Noticed a palentonga
    27 | D:1      | Noticed an octopode
    29 | D:1      | Noticed a vine stalker
   320 | D:1      | Reached XP level 2. HP: 19/19 MP: 3/5
  1101 | D:2      | Reached XP level 3. HP: 24/24 MP: 5/7
  1295 | D:2      | Noticed Natasha
  1302 | D:2      | Slain by Natasha

Illustrated notes

Levels and vault maps discovered:
D:1:      kb_arrival_jail, layout_basic, feat_on_display
D:2:      layout_basic, hellmonk_ecumenical_altar_dog_temple, dk_vineyard_3,
          st_stairs_5, uniq_natasha

Skill      XL: |  1  2 |
---------------+-------+-----
Spellcasting   | 3 |  3.3
Dodging        | |  1.6
Stealth        | |  1.6
Necromancy     | |  4.7

Action                   || total
-------------------------++-------
Melee: Short sword       ||     1
       Dagger            ||     5
 Cast: Pain              ||    39
       Animate Skeleton  ||     7
Armor: Robe              ||     4
Dodge: Dodged            ||     8
